General information
- name: BNet
- type: Ladder team game (AT/RT)
- host: Battle.net
- saver: BaronInTheTrees
map: TwilightRuins
- players: 8
- length: 49:48
- speed: Fast
- version: 1.26 W3XP
- replay type: Public
» download(263 KB)
Players
team 1 (loser)
RiddLeR420 (
red | 19 APM | 913 actions | 49:00)
7 Shadow Hunter
3 Healing Wave
3 Serpent Ward
1 Big Bad Voodoo
» actions
| Assign group hotkey | 23 | |
| Basic commands | 199 | |
| Build / train | 55 | |
| Enter build submenu | 20 | |
| Enter hero's abilities submenu | 7 | |
| Give item / drop item | 1 | |
| Remove unit from queue | 3 | |
| Right click | 193 | |
| Select / deselect | 270 | |
| Select group hotkey | 68 | |
| Use ability | 74 | |
913 total
» units
| Peon | 11 | |
| Grunt | 8 | |
| Tauren | 7 | |
| Troll Headhunter/Berserker | 4 | |
30 total
» upgrades
| Melee Weapons | 2 | |
| Armor | 2 | |
| Berserker Strength | 1 | |
| Pulverize | 1 | |
6 total
» buildings
| Altar of Storms | 2 | |
| Orc Burrow | 5 | |
| Barracks | 1 | |
| War Mill | 1 | |
| Stronghold | 1 | |
| Watch Tower | 10 | |
| Voodoo Lounge | 1 | |
| Fortress | 2 | |
| Tauren Totem | 2 | |
| Beastiary | 1 | |
26 total
» build order
00:03 Altar of Storms
00:09 Orc Burrow
00:33 Barracks
01:38 Orc Burrow
02:39 War Mill
04:19 Stronghold
06:29 Watch Tower
06:32 Watch Tower
06:38 Orc Burrow
06:46 Voodoo Lounge
07:09 Fortress
07:10 Fortress
09:28 Orc Burrow
09:36 Tauren Totem
09:38 Tauren Totem
12:08 Orc Burrow
21:43 Altar of Storms
23:44 Watch Tower
23:46 Watch Tower
23:47 Watch Tower
23:48 Watch Tower
23:50 Watch Tower
23:51 Watch Tower
23:55 Watch Tower
23:58 Watch Tower
24:37 Beastiary
» items
| Scroll of Town Portal | 4 | |
| Potion of Mana | 2 | |
6 total
njames828 (
purple | 31 APM | 1519 actions | 49:43)
10 Archmage
3 Summon Water Elemental
3 Brilliance Aura
3 Blizzard
1 Mass Teleport
» actions
| Basic commands | 42 | |
| Build / train | 147 | |
| Enter build submenu | 64 | |
| Enter hero's abilities submenu | 10 | |
| Remove unit from queue | 8 | |
| Right click | 543 | |
| Select / deselect | 592 | |
| Use ability | 113 | |
1519 total
» units
| Peasant | 18 | |
| Footman | 20 | |
| Priest | 11 | |
| Knight | 45 | |
| Flying Machine | 11 | |
105 total
» upgrades
| Swords | 3 | |
| Plating | 3 | |
| Animal War Training | 1 | |
| Priest Training | 2 | |
| Masonry | 1 | |
| Defend | 1 | |
11 total
» buildings
| Altar of Kings | 2 | |
| Farm | 18 | |
| Barracks | 2 | |
| Lumber Mill | 2 | |
| Arcane Vault | 2 | |
| Blacksmith | 2 | |
| Keep | 3 | |
| Arcane Sanctum | 2 | |
| Castle | 1 | |
| Town Hall | 7 | |
| Scout Tower | 18 | |
| Guard Tower | 9 | |
| Arcane Tower | 1 | |
| Workshop | 1 | |
70 total
» build order
01:25 Altar of Kings
01:30 Farm
01:40 Barracks
01:54 Lumber Mill
02:08 Farm
02:49 Arcane Vault
02:52 Farm
03:32 Blacksmith
03:54 Keep
04:05 Farm
04:50 Farm
04:53 Farm
05:49 Farm
05:51 Farm
06:36 Arcane Sanctum
06:37 Castle
08:22 Town Hall
08:26 Farm
09:38 Farm
14:30 Town Hall
15:38 Lumber Mill
18:30 Town Hall
18:33 Scout Tower
18:36 Scout Tower
20:01 Guard Tower
20:03 Scout Tower
20:05 Scout Tower
22:21 Scout Tower
22:52 Guard Tower
22:55 Scout Tower
23:29 Arcane Tower
23:34 Farm
23:41 Farm
24:14 Scout Tower
24:55 Guard Tower
25:02 Scout Tower
34:23 Town Hall
37:57 Town Hall
39:46 Keep
39:51 Town Hall
40:13 Altar of Kings
40:20 Barracks
41:04 Farm
41:24 Blacksmith
41:28 Farm
41:56 Arcane Vault
42:09 Farm
42:23 Arcane Sanctum
42:49 Workshop
43:43 Farm
44:12 Town Hall
44:16 Scout Tower
44:19 Scout Tower
44:23 Scout Tower
44:27 Farm
44:30 Farm
44:50 Guard Tower
44:51 Guard Tower
44:54 Scout Tower
44:58 Scout Tower
45:39 Scout Tower
45:44 Scout Tower
45:48 Scout Tower
45:49 Guard Tower
46:03 Guard Tower
46:06 Scout Tower
46:09 Scout Tower
46:18 Guard Tower
49:33 Keep
49:34 Guard Tower
Foretwenti (
yellow | 42 APM | 1494 actions | 35:26)
5 Mountain King
3 Storm Bolt
1 Thunder Clap
1 Bash
4 Paladin
1 Divine Shield
1 Devotion Aura
2 Holy Light
» actions
| Assign group hotkey | 13 | |
| Basic commands | 3 | |
| Build / train | 107 | |
| Enter build submenu | 26 | |
| Enter hero's abilities submenu | 10 | |
| Give item / drop item | 16 | |
| Remove unit from queue | 5 | |
| Right click | 865 | |
| Select / deselect | 356 | |
| Select group hotkey | 9 | |
| Use ability | 84 | |
1494 total
» units
| Peasant | 24 | |
| Footman | 11 | |
| Goblin Shredder | 1 | |
| Dragonhawk Rider | 10 | |
| Gryphon Rider | 5 | |
| Knight | 3 | |
| Siege Engine | 7 | |
61 total
» upgrades
| Lumber Harvesting | 0 | |
| Swords | 3 | |
| Armor | 3 | |
| Animal War Training | 1 | |
| Storm Hammers | 1 | |
| Backpack | 1 | |
| Barrage | 1 | |
| Cloud | 1 | |
| Plating | 1 | |
12 total
» buildings
| Altar of Kings | 1 | |
| Farm | 12 | |
| Barracks | 1 | |
| Keep | 1 | |
| Lumber Mill | 1 | |
| Arcane Vault | 1 | |
| Blacksmith | 2 | |
| Town Hall | 2 | |
| Castle | 1 | |
| Gryphon Aviary | 2 | |
| Workshop | 1 | |
25 total
» build order
00:13 Altar of Kings
00:21 Farm
00:29 Barracks
00:46 Farm
01:30 Farm
02:03 Farm
03:26 Farm
03:37 Keep
04:10 Lumber Mill
04:19 Farm
04:30 Arcane Vault
05:01 Blacksmith
05:52 Blacksmith
07:27 Town Hall
09:56 Castle
10:00 Gryphon Aviary
10:04 Gryphon Aviary
12:30 Farm
16:35 Farm
16:49 Workshop
16:56 Farm
17:27 Farm
17:40 Farm
20:36 Farm
31:37 Town Hall
» items
| Scroll of Regeneration | 2 | |
| Lesser Clarity Potion | 1 | |
| Orb of Fire | 1 | |
| Potion of Mana | 2 | |
| Scroll of Town Portal | 5 | |
| Potion of Healing | 2 | |
| Scroll of Protection | 1 | |
| Scroll of Healing | 2 | |
16 total

»
T-HALL (
blue | 34 APM | 1657 actions | 48:55)
8 Death Knight
3 Death Coil
3 Unholy Aura
1 Death Pact
1 Animate Dead
5 Dreadlord
2 Vampiric Aura
3 Sleep
» actions
| Basic commands | 146 | |
| Build / train | 99 | |
| ESC pressed | 16 | |
| Enter build submenu | 41 | |
| Enter hero's abilities submenu | 13 | |
| Give item / drop item | 1 | |
| Remove unit from queue | 1 | |
| Right click | 563 | |
| Select / deselect | 651 | |
| Use ability | 105 | |
1657 total
» units
| Acolyte | 14 | |
| Ghoul | 6 | |
| Crypt Fiend | 16 | |
| Frost Wyrm | 12 | |
| Gargoyle | 19 | |
67 total
» upgrades
| Web | 1 | |
| Creature Attack | 1 | |
| Creature Carapace | 1 | |
| Freezing Breath | 1 | |
4 total
» buildings
| Ziggurat | 14 | |
| Altar of Darkness | 4 | |
| Crypt | 3 | |
| Graveyard | 2 | |
| Nerubian Tower | 1 | |
| Halls of the Dead | 3 | |
| Tomb of Relics | 1 | |
| Spirit Tower | 5 | |
| Black Citadel | 1 | |
| Sacrificial Pit | 1 | |
| Boneyard | 2 | |
| Necropolis | 1 | |
| Town Hall | 1 | |
39 total
» build order
00:17 Ziggurat
00:18 Altar of Darkness
00:23 Altar of Darkness
00:37 Crypt
01:02 Graveyard
02:22 Nerubian Tower
02:41 Halls of the Dead
02:42 Halls of the Dead
02:58 Tomb of Relics
03:07 Ziggurat
04:35 Spirit Tower
05:32 Black Citadel
05:38 Sacrificial Pit
07:40 Ziggurat
07:45 Ziggurat
07:49 Ziggurat
07:55 Boneyard
08:10 Boneyard
11:54 Ziggurat
11:55 Ziggurat
11:56 Ziggurat
12:07 Ziggurat
12:46 Spirit Tower
12:49 Spirit Tower
12:58 Spirit Tower
23:49 Ziggurat
26:17 Necropolis
26:25 Altar of Darkness
26:46 Crypt
26:50 Crypt
27:19 Altar of Darkness
27:22 Graveyard
27:30 Ziggurat
28:11 Halls of the Dead
28:17 Ziggurat
28:19 Ziggurat
28:27 Ziggurat
32:10 Spirit Tower
46:14 Town Hall
» items
team 2 (winner)
BaronInTheTrees (
green | 73 APM | 3619 actions | 49:48)
8 Demon Hunter
3 Evasion
3 Mana Burn
1 Metamorphosis
1 Immolation
7 Priestess of the Moon
3 Trueshot Aura
3 Searing Arrows
1 Starfall
» actions
| Assign group hotkey | 104 | |
| Basic commands | 170 | |
| Build / train | 165 | |
| Enter build submenu | 61 | |
| Enter hero's abilities submenu | 16 | |
| Give item / drop item | 4 | |
| Remove unit from queue | 15 | |
| Right click | 1741 | |
| Select / deselect | 540 | |
| Select group hotkey | 650 | |
| Use ability | 153 | |
3619 total
» units
| Wisp | 69 | |
| Archer | 9 | |
| Huntress | 3 | |
| Goblin Shredder | 1 | |
| Goblin Sapper | 2 | |
| Hippogryph | 8 | |
| Chimaera | 4 | |
96 total
» upgrades
| Strength of the Moon | 1 | |
| Nature's Blessing | 1 | |
| Strength of the Wild | 3 | |
| Reinforced Hides | 3 | |
| Sentinel | 1 | |
| Druid of the Talon Training | 0 | |
| Well Spring | 1 | |
| Corrosive Breath | 1 | |
11 total
» buildings
| Altar of Elders | 1 | |
| Moon Well | 6 | |
| Ancient of War | 1 | |
| Tree of Ages | 1 | |
| Hunter's Hall | 1 | |
| Tree of Life | 4 | |
| Ancient Protector | 37 | |
| Ancient of Wonders | 1 | |
| Ancient of Wind | 2 | |
| Tree of Eternity | 1 | |
| Chimaera Roost | 3 | |
58 total
» build order
00:14 Altar of Elders
00:27 Moon Well
00:50 Ancient of War
01:36 Moon Well
01:52 Moon Well
03:21 Tree of Ages
03:32 Moon Well
04:32 Moon Well
04:43 Hunter's Hall
07:32 Tree of Life
07:43 Ancient Protector
07:43 Ancient Protector
07:43 Ancient Protector
07:44 Ancient Protector
08:48 Ancient of Wonders
10:13 Moon Well
12:18 Ancient Protector
12:19 Ancient Protector
12:19 Ancient Protector
12:20 Ancient Protector
12:20 Ancient Protector
12:21 Ancient Protector
12:22 Ancient Protector
15:12 Ancient of Wind
15:30 Ancient Protector
15:30 Ancient Protector
15:30 Ancient Protector
15:31 Ancient Protector
15:32 Ancient Protector
15:33 Ancient Protector
15:35 Ancient Protector
15:38 Ancient Protector
17:33 Tree of Eternity
19:27 Ancient Protector
19:28 Ancient Protector
19:28 Ancient Protector
19:29 Ancient Protector
19:30 Ancient Protector
19:30 Ancient Protector
19:31 Ancient Protector
19:47 Ancient Protector
20:02 Ancient of Wind
23:17 Tree of Life
23:22 Ancient Protector
23:23 Ancient Protector
23:23 Ancient Protector
23:47 Ancient Protector
23:51 Ancient Protector
29:35 Ancient Protector
29:35 Ancient Protector
29:36 Ancient Protector
29:36 Ancient Protector
39:46 Chimaera Roost
39:46 Chimaera Roost
39:47 Chimaera Roost
41:32 Tree of Life
42:31 Tree of Life
» items
| Scroll of Town Portal | 11 | |
| Potion of Healing | 1 | |
| Boots of Speed | 2 | |
| Periapt of Vitality | 4 | |
| Potion of Lesser Invulnerability | 2 | |
| Staff of Teleportation | 2 | |
| Orb of Venom | 1 | |
23 total

»
Banksy243 (
teal | 40 APM | 1615 actions | 40:31)
7 Death Knight
3 Death Coil
3 Unholy Aura
1 Animate Dead
5 Crypt Lord
3 Spiked Carapace
1 Impale
1 Locust Swarm
» actions
| Basic commands | 7 | |
| Build / train | 92 | |
| Enter build submenu | 27 | |
| Enter hero's abilities submenu | 13 | |
| Right click | 882 | |
| Select / deselect | 532 | |
| Use ability | 62 | |
1615 total
» units
| Acolyte | 17 | |
| Ghoul | 14 | |
| Goblin Shredder | 1 | |
| Frost Wyrm | 10 | |
| Gargoyle | 16 | |
58 total
» upgrades
| Creature Attack | 3 | |
| Creature Carapace | 3 | |
| Freezing Breath | 1 | |
7 total
» buildings
| Altar of Darkness | 1 | |
| Ziggurat | 13 | |
| Crypt | 1 | |
| Halls of the Dead | 1 | |
| Tomb of Relics | 2 | |
| Graveyard | 1 | |
| Black Citadel | 2 | |
| Sacrificial Pit | 1 | |
| Boneyard | 2 | |
| Spirit Tower | 4 | |
| Nerubian Tower | 1 | |
29 total
» build order
00:12 Altar of Darkness
00:16 Ziggurat
00:45 Crypt
01:45 Ziggurat
02:56 Ziggurat
03:47 Halls of the Dead
07:04 Tomb of Relics
07:32 Graveyard
07:45 Black Citadel
08:10 Sacrificial Pit
08:22 Ziggurat
08:52 Ziggurat
10:03 Tomb of Relics
10:58 Boneyard
11:02 Boneyard
11:23 Ziggurat
11:26 Ziggurat
11:36 Spirit Tower
11:56 Spirit Tower
13:24 Ziggurat
13:29 Ziggurat
13:32 Ziggurat
15:12 Ziggurat
16:05 Nerubian Tower
20:48 Ziggurat
22:58 Spirit Tower
23:01 Ziggurat
36:21 Spirit Tower
» items
| Scroll of Town Portal | 3 | |
| Orb of Venom | 1 | |
4 total

»
Primus (
pink | 33 APM | 1047 actions | 32:02)
7 Dreadlord
3 Sleep
3 Vampiric Aura
1 Inferno
5 Death Knight
2 Death Coil
3 Unholy Aura
» actions
| Build / train | 68 | |
| Enter build submenu | 30 | |
| Enter hero's abilities submenu | 12 | |
| Give item / drop item | 2 | |
| Remove unit from queue | 1 | |
| Right click | 609 | |
| Select / deselect | 244 | |
| Use ability | 81 | |
1047 total
» units
| Acolyte | 8 | |
| Ghoul | 7 | |
| Goblin Shredder | 1 | |
| Gargoyle | 7 | |
| Obsidian Statue | 3 | |
| Frost Wyrm | 9 | |
35 total
» upgrades
| Creature Attack | 3 | |
| Creature Carapace | 3 | |
| Freezing Breath | 1 | |
7 total
» buildings
| Ziggurat | 16 | |
| Altar of Darkness | 1 | |
| Crypt | 1 | |
| Tomb of Relics | 1 | |
| Graveyard | 2 | |
| Halls of the Dead | 2 | |
| Necropolis | 2 | |
| Black Citadel | 1 | |
| Sacrificial Pit | 1 | |
| Slaughterhouse | 1 | |
| Boneyard | 2 | |
| Spirit Tower | 2 | |
| Nerubian Tower | 2 | |
34 total
» build order
00:14 Ziggurat
00:18 Altar of Darkness
00:37 Crypt
01:03 Tomb of Relics
01:16 Ziggurat
02:08 Graveyard
02:21 Graveyard
02:26 Ziggurat
04:38 Halls of the Dead
06:02 Necropolis
06:10 Halls of the Dead
08:34 Black Citadel
08:50 Ziggurat
08:58 Ziggurat
09:06 Sacrificial Pit
09:11 Slaughterhouse
09:23 Ziggurat
09:29 Ziggurat
12:12 Ziggurat
12:16 Ziggurat
12:18 Ziggurat
12:20 Ziggurat
12:23 Ziggurat
12:26 Ziggurat
12:29 Ziggurat
12:52 Boneyard
13:21 Boneyard
13:25 Spirit Tower
13:27 Nerubian Tower
13:29 Nerubian Tower
13:30 Spirit Tower
20:52 Necropolis
20:57 Ziggurat
21:00 Ziggurat
» items
| Rod of Necromancy | 1 | |
| Scroll of Healing | 1 | |
| Claws of Attack +6 | 1 | |
| Scroll of Town Portal | 1 | |
4 total

»
WC3ISDEADFUC (
orange | 28 APM | 1407 actions | 49:44)
10 Priestess of the Moon
3 Searing Arrows
3 Trueshot Aura
1 Starfall
3 Scout
3 Keeper of the Grove
2 Thorns Aura
1 Entangling Roots
2 Demon Hunter
1 Evasion
1 Mana Burn
» actions
| Basic commands | 212 | |
| Build / train | 129 | |
| ESC pressed | 1 | |
| Enter build submenu | 20 | |
| Enter hero's abilities submenu | 15 | |
| Remove unit from queue | 2 | |
| Right click | 423 | |
| Select / deselect | 545 | |
| Use ability | 60 | |
1407 total
» units
» upgrades
| Strength of the Moon | 3 | |
| Moon Armor | 3 | |
| Improved Bows | 1 | |
| Ultravision | 1 | |
| Marksmanship | 1 | |
| Well Spring | 1 | |
10 total
» buildings
| Moon Well | 8 | |
| Altar of Elders | 1 | |
| Ancient of War | 4 | |
| Ancient of Wonders | 1 | |
| Tree of Ages | 1 | |
| Hunter's Hall | 1 | |
| Tree of Life | 3 | |
| Tree of Eternity | 2 | |
21 total
» build order
00:22 Moon Well
00:36 Altar of Elders
00:50 Ancient of War
01:39 Moon Well
02:24 Moon Well
02:38 Moon Well
02:57 Ancient of Wonders
04:26 Tree of Ages
04:53 Hunter's Hall
05:41 Tree of Life
07:57 Tree of Eternity
07:57 Tree of Eternity
10:01 Moon Well
11:04 Moon Well
12:11 Ancient of War
12:16 Ancient of War
12:25 Ancient of War
12:36 Moon Well
13:45 Moon Well
40:25 Tree of Life
41:36 Tree of Life
Chat log
(05:03 / All) BaronInTheTrees: Just randomly out there
(07:49 / All) BaronInTheTrees: |Holy fucking shit archers suck
(14:55 / Allies) BaronInTheTrees: out
(16:08 / All) BaronInTheTrees: Holy shit you all have to pal around?
(16:42 / Allies) Primus: lol
(17:14 / All) T-HALL: nice try
(19:26 / Allies) Primus: nice trap oj
(20:52 / Allies) BaronInTheTrees: just let all the towers die lawl
(21:13 / Allies) BaronInTheTrees: the fuck are you doing
(21:16 / Allies) Primus: gpold?
(21:24 / All) BaronInTheTrees: Fucking teal
(21:55 / Allies) BaronInTheTrees: Why didn't you tp doii you have a low IQ?
(22:03 / Allies) Banksy243: stfu
(22:09 / Allies) BaronInTheTrees: You're not very intelligent
(22:10 / Allies) Banksy243: idiot
(22:17 / Allies) BaronInTheTrees: Yeah and the trees nearly killed all of his wyrms retard
(22:21 / Allies) Banksy243: youre terrible at this game
(22:25 / Allies) Banksy243: lol
(22:27 / Allies) BaronInTheTrees: I'm fucking aroudn what's your excuse?
(22:31 / Allies) Banksy243: nearly killed all of them lol
(22:39 / Allies) BaronInTheTrees: HJe had mass wyrm he had like 5 left
(22:44 / Allies) BaronInTheTrees: and low health
(22:45 / Allies) BaronInTheTrees: You are stupid
(22:48 / Allies) Banksy243: lol youre dumb
(23:31 / Allies) BaronInTheTrees: If you and orange had tped purple and blue would have lost everyhting
(23:37 / Allies) BaronInTheTrees: You are a noobie
(24:15 / Allies) BaronInTheTrees: Why are you sitting in your base with 100/100 food noob?
(25:01 / Allies) BaronInTheTrees: kill the two taanks
(26:18 / All) Primus: gg
(27:09 / Allies) BaronInTheTrees: Kill the expansions men wtf
(27:22 / Allies) BaronInTheTrees: Why are you killing dead bases?
(27:30 / Allies) BaronInTheTrees: tp
(27:37 / Allies) BaronInTheTrees: TP
(27:47 / All) BaronInTheTrees: I hate my stupid team
(27:53 / All) WC3ISDEADFUC: YEAH KILL GREEN PLZ
(27:55 / All) BaronInTheTrees: KILKL BLUES DEAD BASE
(27:56 / All) BaronInTheTrees: GOOD JOB
(27:59 / All) BaronInTheTrees: NOT THE EXAPNSIONS
(28:01 / All) BaronInTheTrees: LKET MINE DIE TWICE
(28:23 / Allies) BaronInTheTrees: stay
(28:52 / Allies) BaronInTheTrees: b
(29:15 / Allies) BaronInTheTrees: guys yo ucanb't win if you let them have expansions and let them kil lyours
(29:44 / Allies) BaronInTheTrees: Gold please
(30:25 / Allies) BaronInTheTrees: Gold
(31:24 / Allies) BaronInTheTrees: gold
(31:50 / Allies) Primus: gg\
(32:16 / Allies) BaronInTheTrees: star fall
(32:23 / Allies) BaronInTheTrees: starfall
(32:59 / All) T-HALL: gg guys
(33:05 / All) T-HALL: heck of a game
(33:38 / Allies) BaronInTheTrees: Need to kill blue's expansion
(34:06 / Allies) BaronInTheTrees: Can I get some fucking gold for a TP
(34:56 / All) BaronInTheTrees: |If I wasn't stuck with just hippos and no gold I would have tked
(35:02 / All) BaronInTheTrees: In fact I think I will anyway
(35:15 / All) WC3ISDEADFUC: GG GREEN
(35:16 / All) BaronInTheTrees: I'm tking
(35:35 / All) BaronInTheTrees: These two are fucking retarded queers
(36:19 / All) BaronInTheTrees: Fight b ack guys
(36:25 / All) njames828: we are
(36:27 / All) BaronInTheTrees: Pink is gone
(36:30 / All) BaronInTheTrees: Teal I killed his wyrms
(36:34 / All) BaronInTheTrees: just noob orange you have to deal with
(36:47 / All) njames828: wheres his base
(36:53 / All) BaronInTheTrees: second from right
(36:55 / All) RiddLeR420: NICE
(37:00 / All) njames828: <3 love you
(37:15 / All) RiddLeR420: ya orange tkd me like 4 times
(37:16 / All) BaronInTheTrees: Trust me teal and orange are retarded faggots wouldn't even give gold for a TP
(37:37 / Allies) BaronInTheTrees: You're good teal
(37:38 / Allies) BaronInTheTrees: lol
(37:59 / Allies) BaronInTheTrees: Come out and play
(38:01 / Allies) BaronInTheTrees: Pussy
(40:42 / Allies) BaronInTheTrees: Leave and I'll win
(40:51 / Allies) BaronInTheTrees: Stay and you lose
(41:03 / Allies) BaronInTheTrees: What's it going to be?
(43:24 / Allies) BaronInTheTrees: dumb nigger
(43:59 / Allies) BaronInTheTrees: \fucking dumb sluit
(44:01 / Allies) BaronInTheTrees: Leave
(44:02 / Allies) BaronInTheTrees: Noob
(47:19 / Allies) BaronInTheTrees: Leave retard
(49:21 / All) BaronInTheTrees: Everyone has equal chance at victory